 Dungeon Crawl Stone Soup version 0.26.1-11-gd32895ea62 (webtiles) character file.

Game seed: 10376658997180117609

61471 RaHiT the Covert (level 15, -1/101 HPs)
             Began as an Octopode Delver on Apr 14, 2021.
             Was the Champion of Cheibriados.
             Slain by an entropy weaver (16 damage)
             ... on level 14 of the Dungeon on Apr 15, 2021.
             The game lasted 02:56:05 (18295 turns).

RaHiT the Covert (Octopode Delver)                 Turns: 18295, Time: 02:56:09

Health: -1/101     AC:  3    Str: 30    XL:     15   Next: 3%
Magic:  46/46      EV: 21    Int: 33    God:    Cheibriados [******]
Gold:   458        SH:  0    Dex: 30    Spells: 12/32 levels left

rFire    + + .     SeeInvis +     - Unarmed
rCold    x . .     Faith    .   (no shield)
rNeg     + . .     Spirit   .   z - +2 hat
rPois    .         Reflect  .   d - amulet of regeneration
rElec    .         Harm     .   D - ring of protection from fire
rCorr    +         Rampage  .   G - +4 ring of slaying
Will     +....                  R - ring of positive energy
Stlth    ++++++....             X - ring of resist corrosion
HPRegen  0.66/turn              b - ring of magical power
MPRegen  0.30/turn              p - ring "Oxko Rast" {+Fly rC- Str+4 SInv}
                                T - ring of magical power
                                E - ring of protection from fire

@: very slow
A: almost no armour, stealthy swim, amphibious, 8 rings, constrict 8, camouflage
1, gelatinous body 1
a: Renounce Religion, Evoke Flight, Bend Time, Temporal Distortion, Slouch, Step
From Time


You were on level 14 of the Dungeon.
You worshipped Cheibriados.
Cheibriados was exalted by your worship.
You visited 3 branches of the dungeon, and saw 18 of its levels.
You also visited: Ice Cave.

You collected 1102 gold pieces.
You spent 644 gold pieces at shops.

Inventory:

Hand Weapons
 a - a +3 dagger of venom
 v - a +1 hand crossbow
Missiles
 f - 399 stones
 g - 7 curare-tipped darts
 u - a throwing net
 w - 21 poisoned darts
 y - 88 bolts
 I - 22 boomerangs
 Q - 7 atropa-tipped darts
 V - 7 javelins (quivered)
Armour
 z - a +2 hat (worn)
Jewellery
 b - a ring of magical power (on tentacle)
 d - an amulet of regeneration (around mantle)
 p - the ring "Oxko Rast" (on tentacle) {+Fly rC- Str+4 SInv}
   (You acquired it on level 3 of the Lair of Beasts)

   [ring of flight]

   It affects your strength (+4).
   It makes you vulnerable to cold.
   It lets you see invisible.
   It lets you fly.
 D - a ring of protection from fire (left tentacle)
 E - a ring of protection from fire (on tentacle)
 G - a +4 ring of slaying (right tentacle)
 R - a ring of positive energy (on tentacle)
 T - a ring of magical power (on tentacle)
 X - a ring of resist corrosion (on tentacle)
Wands
 e - a wand of digging (3)
 t - a wand of iceblast (36)
 A - a wand of flame (13)
 M - a wand of disintegration (10)
 S - a wand of acid (29)
Scrolls
 h - 13 scrolls of remove curse
 i - 4 scrolls of teleportation
 j - 3 scrolls of enchant armour
 k - a scroll of blinking
 n - 5 scrolls of fog
 s - 3 scrolls of amnesia
 J - a scroll of summoning
 L - a scroll of magic mapping
 P - 3 scrolls of identify
 U - 5 scrolls of immolation
 W - a scroll of fear
 Y - 2 scrolls of silence
Potions
 l - 2 potions of might {unknown}
 m - 2 potions of brilliance {unknown}
 o - 2 potions of lignification
 q - 4 potions of mutation
 r - a potion of magic {unknown}
 x - 5 potions of curing
 B - 5 potions of haste
 C - a potion of resistance {unknown}
 F - 2 potions of flight
 H - 4 potions of cancellation
 K - 2 potions of heal wounds
 N - 2 potions of invisibility
 O - a potion of ambrosia
Miscellaneous
 Z - a condenser vane (inert)


   Skills:
 - Level 9.0 Fighting
 - Level 6.0 Throwing
 - Level 7.0 Dodging
 - Level 10.0 Stealth
 + Level 7.8 Unarmed Combat
 - Level 9.0 Spellcasting
 - Level 9.0 Conjurations
 - Level 9.0 Transmutations
 - Level 9.0 Fire Magic
 * Level 1.1 Earth Magic
 - Level 9.0 Invocations
 - Level 9.0 Evocations


You had 12 spell levels left.
You knew the following spells:

 Your Spells              Type           Power        Failure   Level
a - Beastly Appendage     Tmut           100%         1%          1
b - Wereblood             Tmut           65%          1%          2
c - Fireball              Conj/Fire      32%          2%          5
d - Blade Hands           Tmut           32%          2%          5
e - Statue Form           Tmut/Erth      32%          52%         6
o - Apportation           Tloc           28%          3%          1

Your spell library contained the following spells:

 Spells                   Type           Power        Failure   Level
 Foxfire                  Conj/Fire      100%         1%          1
 Passwall                 Tmut/Erth      40%          1%          2
 Conjure Flame            Conj/Fire      65%          1%          3
 Dazzling Flash           Conj/Hex       88%          1%          3
 Inner Flame              Hex/Fire       44%          1%          3
 Spider Form              Tmut/Pois      22%          1%          3
 Sticky Flame             Conj/Fire      65%          1%          4
 Animate Skeleton         Necr           28%          3%          1
 Corona                   Hex            15%          3%          1
 Pain                     Necr           56%          3%          1
 Summon Small Mammal      Summ           56%          3%          1
 Call Imp                 Summ           14%          4%          2
 Swiftness                Air            14%          4%          2
 Ice Form                 Ice/Tmut       44%          4%          4
 Call Canine Familiar     Summ           14%          10%         3
 Summon Guardian Golem    Hex/Summ       14%          10%         3
 Vampiric Draining        Necr           7%           10%         3
 Animate Dead             Necr           7%           30%         4
 Passage of Golubria      Tloc           N/A          30%         4
 Summon Ice Beast         Ice/Summ       14%          30%         4
 Summon Lightning Spire   Summ/Air       14%          30%         4
 Lee's Rapid Deconstruct  Erth           11%          50%         5
 Iron Shot                Conj/Erth      24%          52%         6
 Orb of Destruction       Conj           32%          54%         7
 Agony                    Necr           14%          65%         5
 Invisibility             Hex            14%          99%         6


Dungeon Overview and Level Annotations

Branches:
Dungeon (14/15)            Temple (1/1) D:5            Lair (3/6) D:11
  Snake (0/4) Lair:2          Orc (0/2) D:12         Vaults (0/5) D:13
  IceCv (visited)
  Swamp: Lair:2-4    Shoals: Lair:2-4

Altars:
Ashenzari
Cheibriados
Dithmenos
Elyvilon
Fedhas
Gozag
Hepliaklqana
Kikubaaqudgha
Makhleb
Nemelex Xobeh
Okawaru
Qazlal
Ru
Sif Muna
Trog
Uskayaw
Vehumet
Wu Jian
Xom
Yredelemnul
Zin
The Shining One
Beogh

Shops:
D:7 !   D:9 ?   D:10 ?   D:14 [

Annotations:
D:11 Snorg
D:13 1 exclusion


Innate Abilities, Weirdness & Mutations

You cannot wear most types of armour.
You are very stealthy in the water. (Stealth+)
You are amphibious.
You can wear up to eight rings at the same time.
You can use your tentacles to constrict eight enemies at once.
Your skin changes colour to match your surroundings (Stealth+).
Your rubbery body absorbs attacks. (AC +1, EV +1)


Message History

You see here a deep dwarf skeleton.
You closely miss the entropy weaver. Your grab misses the entropy weaver.
You tentacle-slap the entropy weaver. Your squeeze misses the entropy weaver.
The entropy weaver is lightly wounded.
The entropy weaver hits you. The entropy weaver misses you.
The entropy weaver hits you! The entropy weaver closely misses you.
You closely miss the entropy weaver. You grab the entropy weaver.
You squeeze the entropy weaver.
The entropy weaver is lightly wounded.
You constrict the entropy weaver. The entropy weaver misses you.
The entropy weaver hits you. The entropy weaver hits you!
The entropy weaver misses you.
You tentacle-slap the entropy weaver.
The entropy weaver is lightly wounded.
You constrict the entropy weaver. The entropy weaver hits you!
* * * LOW HITPOINT WARNING * * *
The entropy weaver hits you!
* * * LOW HITPOINT WARNING * * *
The entropy weaver closely misses you. The entropy weaver hits you!
You die...

#..#.#..# #.#####...####.#.
#..#.#..# #.##..........∩#.
#..#.#..# #.##...(.......#.
........# #t##...........#.
#..#.#..# #÷##...........#.
#..#.#..# #.#....).........
#..#.##.# #†#............#.
#..#.##.#########B#.#..........#.
#..#....'.(.....@.#.#............
#..################.#..⌠...#####.
#......... ...#......# #...
..#################.#......# #.#.
.......................#.#.# #.#.
.##################.##.#.#.###.##
.# #.##.#.#......# .#
#.##.#.#......# .#
#....#.#.###.##


You could see an entropy weaver and a fire crab.

Vanquished Creatures
  Roxanne (D:14)
  A dire elephant (Lair:3)
  Erolcha (D:10)
  2 hydras (Lair:3)
  2 boulder beetles (D:11)
  Erica (D:9)
  A centaur warrior (D:13)
  A catoblepas (Lair:3)
  2 tengu warriors (D:14)
  An ogre mage (D:13)
  15 two-headed ogres
  Nergalle (Lair:2)
  A fire crab (D:14)
  An unseen horror (D:14)
  A necromancer (IceCv)
  A moth of wrath (D:13)
  An orc knight (D:13)
  A manticore (D:11)
  12 ugly things
  19 elephants (Lair:3)
  A cyclops (D:12)
  3 ice statues (IceCv)
  A black mamba (Lair:3)
  Psyche (D:8)
  6 cane toads
  A gargoyle (D:14)
  A rime drake (Lair:1)
  A komodo dragon (Lair:1)
  An efreet (D:11)
  A redback zombie (D:14)
  9 ice devils
  2 polar bears (Lair:3)
  A tengu conjurer (D:13)
  3 trolls
  A hornet (D:12)
  5 blink frogs (Lair:3)
  7 slime creatures
  A meliai zombie (D:14)
  A shadow (D:11)
  A tarantella (shapeshifter) (D:13)
  A vampire (D:11)
  A spriggan (Lair:3)
  3 wyverns
  15 yaks
  3 vampire mosquitoes (D:14)
  A fire bat (shapeshifter) (D:14)
  A steam dragon (D:7)
  16 humans (D:13)
  3 basilisks
  Edmund (D:5)
  3 wargs (D:11)
  10 water moccasins
  2 sky beasts
  2 ice beasts
  11 orc warriors
  A phantom (D:4)
  2 necrophages
  5 centaurs
  21 ogres
  6 big kobolds
  A wyvern zombie (D:13)
  15 bullfrogs
  A wyvern skeleton (D:11)
  2 scorpions
  3 killer bees (D:12)
  3 howler monkeys (D:7)
  8 hounds
  2 bullfrog zombies
  2 centaur zombies
  A quasit (D:10)
  2 draconian simulacra (IceCv)
  A jelly (D:5)
  15 orc priests
  13 orc wizards
  2 centaur skeletons
  A bullfrog skeleton (D:12)
  12 worker ants
  6 iguanas
  A spriggan simulacrum (IceCv)
  Natasha (twice) (D:2)
  2 troll simulacra (IceCv)
  2 centaur simulacra (IceCv)
  A worker ant zombie (D:9)
  Robin (D:3)
  10 gnolls
  11 adders
  2 naga simulacra (IceCv)
  An ogre simulacrum (IceCv)
  3 shadow imps
  4 white imps
  An ufetubus (D:5)
  An ooze (D:3)
  An adder zombie (D:5)
  5 worms
  2 dart slugs
  8 leopard geckos
  70 orcs
  6 giant cockroaches
  16 goblins
  13 hobgoblins
  19 jackals
  25 kobolds
  6 quokkas
  A ball python (D:1)
  7 bats
  5 frilled lizards
  A leopard gecko zombie (D:7)
  A quokka skeleton (D:6)
  5 rats
545 creatures vanquished.

Vanquished Creatures (collateral kills)
  4 yaks (D:11)
4 creatures vanquished.

Vanquished Creatures (others)
  105 fungi
  71 plants
  4 toadstools (D:1)
180 creatures vanquished.

Grand Total: 729 creatures vanquished

Notes
Turn   | Place    | Note
-------+----------+-------------------------------------------
     0 | D:5      | RaHiT the Octopode Delver began the quest for the Orb.
     0 | D:5      | Reached XP level 1. HP: 16/16 MP: 1/1
    16 | D:5      | Noticed an ice beast
    36 | D:5      | Noticed an ogre
    46 | D:5      | Noticed an orc wizard
    50 | D:5      | Noticed a jelly
    71 | D:6      | Noticed a worker ant
   101 | D:6      | Noticed a scorpion
   117 | D:6      | Found a shimmering altar of Xom.
   121 | D:6      | Noticed an angel
   166 | D:6      | Noticed an orc wizard
   243 | D:4      | Found a stormy altar of Qazlal.
   255 | D:4      | Noticed a phantom
   277 | D:4      | Reached XP level 2. HP: 21/21 MP: 2/2
   292 | D:4      | Reached skill level 7 in Stealth
   292 | D:4      | Reached skill level 1 in Spellcasting
   342 | D:4      | Reached XP level 3. HP: 26/26 MP: 5/5
   487 | D:3      | Found an ornate altar of the Wu Jian Council.
   505 | D:3      | Found a faded altar of an unknown god.
   601 | D:3      | Found a blossoming altar of Fedhas.
   604 | D:3      | Noticed Robin
   664 | D:2      | Noticed Natasha
   692 | D:3      | Reached XP level 4. HP: 19/31 MP: 7/7
  1081 | D:2      | Reached XP level 5. HP: 21/36 MP: 8/8
  1804 | D:2      | Killed Natasha
  1831 | D:2      | Reached skill level 1 in Evocations
  2036 | D:2      | Noticed Natasha
  2080 | D:2      | Killed Natasha
  2081 | D:2      | Reached XP level 6. HP: 32/42 MP: 9/9
  2524 | D:3      | Reached skill level 8 in Stealth
  2554 | D:3      | Killed Robin
  3158 | D:3      | Reached skill level 1 in Throwing
  3285 | D:4      | Identified the Incunabulum of Destructive Shape Shifting
  3347 | D:4      | Reached XP level 7. HP: 47/47 MP: 10/10
  3614 | D:4      | Found a sacrificial altar of Ru.
  3945 | D:5      | Found a hazy altar of Hepliaklqana.
  3946 | D:5      | Found a shadowy altar of Dithmenos.
  3946 | D:5      | Noticed a shadow
  4113 | D:5      | Reached skill level 5 in Evocations
  4203 | D:5      | Noticed Edmund
  4219 | D:5      | Killed Edmund
  4220 | D:5      | Reached XP level 8. HP: 8/52 MP: 11/11
  4311 | D:5      | Found a staircase to the Ecumenical Temple.
  4317 | Temple   | Entered the Ecumenical Temple
  4399 | Temple   | Became a worshipper of Cheibriados the Contemplative
  4614 | D:5      | Reached skill level 1 in Invocations
  4770 | D:6      | Found a glowing silver altar of Zin.
  5054 | D:6      | Reached skill level 5 in Dodging
  5658 | D:6      | Reached * piety under Cheibriados
  5697 | D:7      | Found a broken altar of Ashenzari.
  5702 | D:7      | Reached skill level 5 in Fighting
  5846 | D:7      | Reached XP level 9. HP: 49/61 MP: 13/13
  5935 | D:7      | Found a bloodstained altar of Trog.
  6065 | D:7      | Reached skill level 5 in Invocations
  6074 | D:7      | Found a shimmering blue altar of Sif Muna.
  6128 | D:7      | Reached ** piety under Cheibriados
  6150 | D:7      | Found Turymywn's Distillery.
  6183 | D:7      | Bought a potion of heal wounds for 55 gold pieces
  6183 | D:7      | Bought a potion of curing for 33 gold pieces
  6183 | D:7      | Bought a potion of lignification for 33 gold pieces
  6183 | D:7      | Bought a potion of ambrosia for 88 gold pieces
  6721 | D:8      | Reached skill level 5 in Throwing
  6776 | D:8      | Noticed Psyche
  6789 | D:8      | Killed Psyche
  7015 | D:8      | Reached *** piety under Cheibriados
  7046 | D:8      | Reached skill level 5 in Unarmed Combat
  7121 | D:8      | Found an opulent altar of Gozag.
  7555 | D:9      | Found Zafu's Magic Scroll Emporium.
  7563 | D:9      | Bought a scroll of identify for 30 gold pieces
  7563 | D:9      | Bought a scroll of remove curse for 45 gold pieces
  7563 | D:9      | Bought a scroll of identify for 30 gold pieces
  7563 | D:9      | Bought a scroll of identify for 30 gold pieces
  7563 | D:9      | Bought a scroll of identify for 30 gold pieces
  7569 | D:9      | Reached XP level 10. HP: 66/66 MP: 15/15
  7652 | D:9      | Found a sparkling altar of Nemelex Xobeh.
  7708 | D:9      | Found an iron altar of Okawaru.
  7835 | D:9      | Learned a level 1 spell: Apportation
  7841 | D:9      | Learned a level 5 spell: Fireball
  7865 | D:9      | Learned a level 2 spell: Wereblood
  7905 | D:9      | Reached **** piety under Cheibriados
  7969 | D:9      | Found a glowing golden altar of the Shining One.
  8001 | D:9      | Noticed Erica
  8009 | D:9      | Killed Erica
  8010 | D:9      | Reached skill level 1 in Conjurations
  8010 | D:9      | Reached skill level 1 in Transmutations
  8010 | D:9      | Reached skill level 1 in Fire Magic
  8083 | D:9      | Noticed a moth of wrath
  8086 | D:9      | Found a bloodstained altar of Trog.
  8421 | D:10     | Entered Level 10 of the Dungeon
  8618 | D:10     | Found Qyulyoc's Magic Scroll Emporium.
  8622 | D:10     | Reached ***** piety under Cheibriados
  8658 | D:10     | Bought a scroll of identify for 30 gold pieces
  8658 | D:10     | Bought a scroll of identify for 30 gold pieces
  9060 | D:10     | Noticed a two-headed ogre
  9061 | D:10     | Noticed a two-headed ogre
  9063 | D:10     | Noticed a two-headed ogre
  9065 | D:10     | Killed a two-headed ogre
  9066 | D:10     | Reached skill level 9 in Stealth
  9067 | D:10     | Killed a two-headed ogre
  9068 | D:10     | Reached XP level 11. HP: 72/72 MP: 17/17
  9076 | D:10     | Killed a two-headed ogre
  9114 | D:10     | Noticed Erolcha
  9116 | D:10     | Noticed a two-headed ogre
  9117 | D:10     | Killed Erolcha
  9118 | D:10     | Reached skill level 10 in Stealth
  9119 | D:10     | Killed a two-headed ogre
  9120 | D:10     | Noticed a two-headed ogre
  9121 | D:10     | Noticed a two-headed ogre
  9126 | D:10     | Killed a two-headed ogre
  9200 | D:10     | Killed a two-headed ogre
  9369 | D:11     | Noticed a manticore
  9382 | D:11     | Killed a manticore
  9416 | D:11     | Noticed a green ugly thing
  9428 | D:11     | Killed a green ugly thing
  9429 | D:11     | Reached skill level 5 in Conjurations
  9429 | D:11     | Reached skill level 5 in Fire Magic
  9699 | D:11     | Found a staircase to the Lair.
  9727 | D:11     | Noticed a boulder beetle
  9728 | D:11     | Noticed a boulder beetle
  9838 | D:11     | Learned a level 1 spell: Beastly Appendage
  9859 | D:11     | Noticed Snorg
 10119 | D:11     | Reached XP level 12. HP: 58/79 MP: 15/18
 10230 | D:11     | Killed a boulder beetle
 10355 | D:11     | Noticed a two-headed ogre
 10363 | D:11     | Killed a two-headed ogre
 10469 | D:11     | Killed a boulder beetle
 10470 | D:11     | Reached skill level 5 in Spellcasting
 10618 | D:12     | Found a shimmering altar of Xom.
 10801 | D:12     | Noticed a two-headed ogre
 10809 | D:12     | Killed a two-headed ogre
 10944 | D:12     | Noticed a two-headed ogre
 10954 | D:12     | Killed a two-headed ogre
 11301 | D:12     | Found a staircase to the Orcish Mines.
 11388 | Lair:1   | Entered Level 1 of the Lair of Beasts
 12453 | Lair:2   | Noticed Nergalle
 12462 | Lair:2   | Killed Nergalle
 12594 | Lair:2   | Noticed Maggie
 12597 | Lair:2   | Noticed Maggie
 12597 | Lair:2   | Maggie changed into Maggie the troll
 12599 | Lair:2   | Killed Maggie the troll
 13117 | Lair:2   | Found a staircase to the Snake Pit.
 13292 | Lair:3   | Noticed a four-headed hydra
 13307 | Lair:2   | Reached XP level 13. HP: 31/84 MP: 22/22
 13402 | Lair:3   | Reached ****** piety under Cheibriados
 13416 | Lair:3   | Learned a level 5 spell: Blade Hands
 13589 | Lair:3   | Reached skill level 5 in Transmutations
 13653 | Lair:3   | Noticed a dire elephant
 14060 | Lair:3   | Identified a scroll of acquirement
 14066 | Lair:3   | Acquired the ring "Oxko Rast" {+Fly rC- Str+4 SInv}
 14600 | Lair:3   | Killed a dire elephant
 15063 | D:13     | Found a frozen archway.
 15074 | IceCv    | Entered an ice cave
 15600 | IceCv    | Reached XP level 14. HP: 92/92 MP: 5/26
 16384 | D:13     | Found a gate to the Vaults.
 16735 | D:13     | Found a blossoming altar of Fedhas.
 17039 | D:14     | Identified Roxanne's Papyrus of the Rocks
 17039 | D:14     | Noticed Roxanne
 17203 | D:14     | Found Irghodal's Antique Armour Shoppe.
 17212 | D:14     | Bought a runed hat for 210 gold pieces
 17732 | D:14     | Found a roughly hewn altar of Beogh.
 18155 | D:14     | Found a runed translucent door.
 18243 | D:14     | Killed Roxanne
 18244 | D:14     | Reached XP level 15. HP: 101/101 MP: 28/28
 18255 | D:14     | Learned a level 6 spell: Statue Form
 18290 | D:14     | Reached skill level 1 in Earth Magic
 18295 | D:14     | Slain by an entropy weaver

Illustrated notes

Levels and vault maps discovered:
D:1:      ldierk_walled_garden_2, layout_basic
D:2:      layout_basic, uniq_natasha
D:3:      layout_loops_ring, overflow_temple_1_default, general_overflow_altar,
          chequers_ecumenical_altar_island, hangedman_decor_points, uniq_robin
D:4:      layout_basic, grunt_qazlal_sundering,
          nicolae_ru_great_annihilating_truth
D:5:      layout_cave_pools, riverfiend_overflow_shadow_ancestor,
          minmay_temple_entry_fiery, uniq_edmund
D:6:      layout_basic, grunt_temple_overflow_order_and_chaos_1
D:7:      layout_rooms, lemuel_crystal_altar, old_standard_altar, serial_shops,
          shop, lemuel_tele_altar
D:8:      kennysheep_blocky_room, layout_gridville,
          lemuel_coloured_pillars_altar, uniq_psyche
D:9:      layout_cave_pods, tso_metal_star, okawaru_ov_weapons_minmay,
          nemelex_xobeh_ov_fountains_minmay, serial_shops,
          nicolae_shop_temple_entry_statues_fountains, tgw_trog, uniq_erica
D:10:     lemuel_ogre_cave, layout_irregular_city, serial_shops, shop
D:11:     layout_basic, erik_lair_orcish_takeover, nicolae_zen_rock_garden,
          uniq_snorg
D:12:     layout_gridville, david_orc_4, basic_altar, roderic_malta_cross
D:13:     layout_irregular_city, david_vaults_3, portal_ice_cave_demonic_guard,
          minmay_strange_pillars, fedhas_bush_and_centaur_altar
D:14:     gammafunk_mikee_crab_dinner, layout_basic, serial_shops, shop,
          solitary_fountain, special_room [special_room_orc], st_stairs_9,
          uniq_roxanne
Temple:   compressed_dpeg_triangle_lava_temple
Lair:1:   layout_roguey, minivault_24, lemuel_fruit_tree, grunt_megastairs_4
Lair:2:   layout_layer_cave, dummy_snake_entry, serial_rivers,
          chequers_serial_rivers_small_a, chequers_serial_rivers_micro_a,
          chequers_serial_rivers_micro_d, chequers_serial_rivers_large_b,
          chequers_serial_rivers_micro_c, grunt_megastairs_5,
          lemuel_fruit_fields, uniq_nergalle, uniq_maggie
Lair:3:   mu_elephants_graveyard, layout_gridlike, serial_bayou_shore_b

Skill      XL: |  1  2  3  4  5  6  7  8  9 10 11 12 13 14 15 |
---------------+----------------------------------------------+-----
Stealth        | 7 8 9 10 | 10.0
Spellcasting   | 1 2 3 4 6 8 9 |  9.0
Dodging        | 3 4 5 6 7 |  7.0
Unarmed Combat | 3 4 5 7 |  7.8
Evocations     | 1 2 5 6 7 9 |  9.0
Throwing       | 1 3 5 6 |  6.0
Fighting       | 4 5 6 7 9 |  9.0
Invocations    | 4 7 8 9 |  9.0
Conjurations   | 3 5 7 9 |  9.0
Transmutations | 3 8 9 |  9.0
Fire Magic     | 3 5 7 9 |  9.0
Earth Magic    | 1 |  1.1

Action                   |  1- 3 |  4- 6 |  7- 9 | 10-12 | 13-15 || total
-------------------------+-------+-------+-------+-------+-------++-------
Melee: Unarmed           |    41 |     4 |    22 |   142 |   274 ||   483
       Tentacles         |    13 |    18 |    56 |    91 |    93 ||   271
       Constrict         |    13 |    37 |    54 |    58 |    39 ||   201
       Punch             |     1 |     4 |     8 |    23 |    20 ||    56
       Dagger            |       |   156 |   208 |    96 |       ||   460
       Kick              |       |       |       |    47 |    14 ||    61
 Fire: Hunting sling     |       |       |     9 |       |       ||     9
Throw: Stone             |    31 |    56 |    21 |    30 |    11 ||   149
       Dart              |       |    12 |   113 |   120 |    33 ||   278
       Boomerang         |       |       |    11 |    37 |    71 ||   119
       Javelin           |       |       |       |    12 |     9 ||    21
       Throwing net      |       |       |       |     2 |       ||     2
 Cast: Wereblood         |       |       |       |     9 |     7 ||    16
       Fireball          |       |       |       |    15 |    32 ||    47
       Beastly Appendage |       |       |       |    24 |     4 ||    28
       Blade Hands       |       |       |       |       |    47 ||    47
       Apportation       |       |       |       |       |     2 ||     2
Invok: Slouch            |       |       |       |     3 |     3 ||     6
       Temporal Distorti |       |       |       |       |     3 ||     3
 Abil: End Transformatio |       |       |       |       |     4 ||     4
Evoke: Wand              |       |       |    18 |    30 |    15 ||    63
       Condenser vane    |       |       |       |     1 |     2 ||     3
  Use: Scroll            |     1 |       |     6 |    14 |     7 ||    28
       Potion            |     1 |       |     1 |     2 |     4 ||     8
 Stab: Sleeping          |     1 |    24 |     6 |     2 |    11 ||    44
       Distracted        |       |     1 |     2 |       |     2 ||     5
       Confused          |       |       |       |     1 |       ||     1
Armor: Skin              |       |     9 |     8 |     6 |    14 ||    37
Dodge: Dodged            |    22 |    87 |   130 |   180 |   204 ||   623
